 Dungeon Crawl Stone Soup version 0.28.0-49-g6dfe1f597d (webtiles) character file.

Game seed: 7916920382848979980

6 pkoi the Conjurer (level 1, -1/11 HPs)
             Began as an Octopode Conjurer on May 18, 2022.
             Killed from afar by a dart slug (3 damage)
             ... with a slug dart
             ... on level 1 of the Dungeon.
             The game lasted 00:00:30 (580 turns).

pkoi the Conjurer (Octopode Conjurer)                Turns: 580, Time: 00:00:30

Health: -1/11      AC:  1    Str:  6    XL:     1   Next: 90%
Magic:  1/3        EV: 13    Int: 20    God:
Gold:   0          SH:  0    Dex: 10    Spells: 3/4 levels left

rFire   . . .      SeeInvis .   c - +0 short sword
rCold   . . .      Faith    .   (no shield)
rNeg    . . .      Spirit   .   (helmet restricted)
rPois   .          Reflect  .   (no amulet)
rElec   .          Harm     .   (no ring)
rCorr   .          Rampage  .   (no ring)
Will    .....                   (no ring)
Stlth   +++.......              (no ring)
HPRegen 0.03/turn               (no ring)
MPRegen 0.08/turn               (no ring)
                                (no ring)
                                (no ring)

@: no status effects
A: almost no armour, amphibious, 8 rings, camouflage 1, gelatinous body 1,
(nimble swimmer 1), tentacles
a: no special abilities


You were on level 1 of the Dungeon.
You visited 1 branch of the dungeon, and saw 1 of its levels.

Inventory:

Hand Weapons
 c - a +0 short sword (weapon)
Potions
 a - a potion of haste {unknown}
 b - 2 potions of magic {unknown}


   Skills:
 - Level 2.0 Dodging
 + Level 2.9 Stealth
 - Level 2.0 Spellcasting
 * Level 4.3 Conjurations


You had 3 spell levels left.
You knew the following spells:

 Your Spells              Type           Power      Damage    Failure   Level
a - Magic Dart            Conj           76%        1d6       2%          1

Your spell library contained the following spells:

 Spells                   Type           Power      Damage    Failure   Level
 Searing Ray              Conj           38%        2d5       4%          2
 Dazzling Flash           Conj/Hex       20%        N/A       21%         3
 Fulminant Prism          Conj/Hex       5%         3d7       54%         4
 Iskenderun's Mystic Bla  Conj/Tloc      10%        2d4       54%         4


Dungeon Overview and Level Annotations

Branches:
Dungeon (1/15)

Altars:


Innate Abilities, Weirdness & Mutations

You cannot wear most types of armour.
You are amphibious.
You can wear up to eight rings at the same time.
Your skin changes colour to match your surroundings (Stealth+).
Your rubbery body absorbs attacks. (AC +1, EV +1)
((You are camouflaged when in or above water. (Stealth+)))
You have tentacles for arms and can constrict up to eight enemies at once.


Message History

The bat hits you but does no damage.
You barely miss the bat. Your grab misses the bat. The bat misses you.
You miss the kobold. Your grab misses the kobold.
The kobold is severely wounded.
The bat misses you. The bat closely misses you. The kobold misses you.
You hit the kobold.
You kill the kobold!
The bat hits you.
You miss the bat. Your grab misses the bat. Your squeeze misses the bat.
The bat barely misses you. The bat barely misses you.
The bat hits you but does no damage. The bat misses you.
The bat closely misses you.
You hit the bat but do no damage. Your grab misses the bat.
Your squeeze misses the bat. The bat barely misses you.
The dart slug launches a dart at you. The slug dart hits you.
* * * LOW HITPOINT WARNING * * *
The bat hits you.
* * * LOW HITPOINT WARNING * * *
The bat hits you but does no damage.
You hit the bat but do no damage. Your grab misses the bat.
The bat hits you but does no damage. The dart slug launches a dart at you.
The slug dart misses you.
You barely miss the bat. Your grab misses the bat. The bat closely misses you.
The dart slug launches a dart at you. The slug dart hits you.
* * * LOW HITPOINT WARNING * * *
You closely miss the bat. Your grab misses the bat. The bat hits you.
* * * LOW HITPOINT WARNING * * *
The bat closely misses you. The bat barely misses you.
You miss the bat. Your grab misses the bat. Your squeeze misses the bat.
The bat hits you but does no damage. The dart slug launches a dart at you.
The slug dart misses you. The bat misses you.
The dart slug launches a dart at you. The slug dart hits you.
You die...

# ##### # #...# ####
#.#.####### ...#######
#.#........ '#.......#
#.#.....###
(###.###.#####.#.###.# .#.#.#
#.........# #.#
.#...###.#####.#b###.#
.#.#.....# #.#@....########
♣#.....#######.###..w).......
P#.......>..##.# #...........
##.##.#####.#... #.########..
P####(.......... #.# ##
##.#####.#(.. #.# #
##.......... ..#
###.....###.## ### .........#


You could see a dart slug and a bat.

Vanquished Creatures
  3 endoplasms (D:1)
  2 kobolds (D:1)
5 creatures vanquished.

Notes
Turn   | Place    | Note
-------+----------+-------------------------------------------
     0 | D:1      | pkoi the Octopode Conjurer began the quest for the Orb.
     0 | D:1      | Reached XP level 1. HP: 11/11 MP: 3/3
   580 | D:1      | Killed from afar by a dart slug

Illustrated notes

Levels and vault maps discovered:
D:1:      tarquinn_simple_flora_water_d, layout_loops_ring,
          hangedman_feature_mirror

Action                   || total
-------------------------++-------
Melee: Short sword       ||     9
 Cast: Magic Dart        ||    12
Armor: Skin              ||     5
Dodge: Dodged            ||    16
